 Dungeon Crawl Stone Soup version 0.27-a0-1548-gf8a67e7463 (webtiles) character file.

Game seed: 4346853184072100162

380 MacCMillion the Chiller (level 6, -4/41 HPs)
             Began as a Merfolk Ice Elementalist on July 14, 2021.
             Was a Follower of Cheibriados.
             Slain by a phantom (8 damage)
             ... on level 4 of the Dungeon.
             The game lasted 00:24:52 (5191 turns).

MacCMillion the Chiller (Merfolk Ice Elementalist)  Turns: 5191, Time: 00:24:52

Health: -4/41      AC:  3    Str: 13    XL:     6   Next: 75%
Magic:  2/9        EV: 14    Int: 17    God:    Cheibriados [*.....]
Gold:   196        SH:  0    Dex: 18    Spells: 2/9 levels left

rFire    . . .     SeeInvis .   p - +2 spear (venom)
rCold    . . .     Faith    .   (no shield)
rNeg     . . .     Spirit   .   a - +0 robe
rPois    .         Reflect  .   l - +0 helmet
rElec    .         Harm     .   (no cloak)
rCorr    .         Rampage  .   (no gloves)
Will     .....                  (no boots)
Stlth    ++........             (no amulet)
HPRegen  0.13/turn              (no ring)
MPRegen  0.11/turn              (no ring)

@: very slow
A: (nimble swimmer 2), mertail
a: Renounce Religion, Bend Time


You were on level 4 of the Dungeon.
You worshipped Cheibriados.
Cheibriados was aware of your devotion.
You visited 1 branch of the dungeon, and saw 4 of its levels.

You collected 196 gold pieces.

Inventory:

Hand Weapons
 c - a +1 spear
 p - a +2 spear of venom (weapon)
 r - a +2 vorpal falchion
Armour
 a - a +0 robe (worn)
 k - a +0 chain mail
 l - a +0 helmet (worn)
 o - a +0 ring mail
Jewellery
 f - an amulet of reflection
Scrolls
 d - a scroll of enchant weapon
 e - 2 scrolls of identify {unknown}
 g - a scroll of fog {unknown}
 i - a scroll of torment {unknown}
 j - a scroll of fear {unknown}
 m - a scroll of amnesia {unknown}
Potions
 b - 2 potions of curing {unknown}
 h - a potion of flight {unknown}
 n - a potion of attraction {unknown}
 q - a potion of haste {unknown}


   Skills:
 + Level 4.2 Polearms
 - Level 1.0 Armour
 + Level 3.8 Dodging
 - Level 2.1 Stealth
 - Level 2.0 Spellcasting
 * Level 7.2 Ice Magic


You had 2 spell levels left.
You knew the following spells:

 Your Spells              Type           Power      Damage    Failure   Level
a - Freeze                Ice            100%       1d11      1%          1
b - Frozen Ramparts       Ice            52%        1d7       3%          3
c - Ozocubu's Armour      Ice            26%        N/A       3%          3

Your spell library contained the following spells:

 Spells                   Type           Power      Damage    Failure   Level
 Slow                     Hex            1%         N/A       28%         2
 Hailstorm                Conj/Ice       13%        3d5       41%         4
 Confusing Touch          Hex            1%         N/A       50%         3
 Yara's Violent Unravell  Hex/Tmut       0%         3d3       99%         5


Dungeon Overview and Level Annotations

Branches:
Dungeon (4/15)
 Temple: D:4-7

Altars:
Cheibriados


Innate Abilities, Weirdness & Mutations

((You are quick and stealthy near water. (Stealth+, EV+, Speed+++)))
Your lower body shifts to a powerful aquatic tail in water.


Message History

You barely miss the phantom.
The phantom is heavily damaged.
The phantom completely resists.
The wall freezes the phantom but does no damage.
The phantom misses you.
You hit the phantom.
The phantom is severely damaged.
The phantom resists.
The wall freezes the phantom.
The phantom hits you but does no damage.
Press: ? - help, v - describe, . - travel
Here: a phantom (severely damaged)
The floor.
You hit the phantom.
The phantom is severely damaged.
The phantom resists.
The wall freezes the phantom.
The phantom hits you but does no damage.
You barely miss the phantom.
The phantom is severely damaged.
The frozen ramparts melt away.
The phantom hits you!
The phantom blinks!
You blink.
Your icy armour cracks and falls away as you move.
Found 16 stones.
You barely miss the phantom.
The phantom is severely damaged.
The phantom hits you.
You barely miss the phantom.
The phantom is severely damaged.
The phantom hits you!
* * * LOW HITPOINT WARNING * * *
You hit the phantom.
The phantom is almost destroyed.
You miss the phantom.
The phantom is almost destroyed.
The phantom hits you.
* * * LOW HITPOINT WARNING * * *
The phantom blinks!
You blink.
You barely miss the phantom.
The phantom is almost destroyed.
The phantom hits you!
You die...

########.........
#......#.........
#......#.........
#.....))...######
#.....##...#
#.....##.......
#......#........
#...†W.#.........
#...@..#.........
#.....##...##.>..
#...§§##...# ....
#...........#
#...!.......#
#...........#
#...........#
#...........#
#...........#


You could see a phantom.

Vanquished Creatures
  A black bear (D:4)
  An iguana (D:3)
  4 orc wizards
  A hound skeleton (D:4)
  3 gnolls (D:3)
  3 adders
  2 dart slugs
  6 orcs
  5 bats
  7 endoplasms
  4 giant cockroaches
  8 goblins
  5 hobgoblins
  10 jackals
  6 kobolds
  2 quokkas (D:1)
  5 ball pythons
  3 frilled lizards
  A quokka skeleton (D:4)
  6 rats
83 creatures vanquished.

Notes
Turn   | Place    | Note
-------+----------+-------------------------------------------
     0 | D:1      | MacCMillion the Merfolk Ice Elementalist began the quest
                  | for the Orb.
     0 | D:1      | Reached XP level 1. HP: 13/13 MP: 3/3
   255 | D:1      | Reached XP level 2. HP: 17/19 MP: 0/5
   512 | D:1      | Reached skill level 1 in Polearms
   512 | D:1      | Reached skill level 5 in Ice Magic
  1017 | D:1      | Reached XP level 3. HP: 24/24 MP: 3/6
  1987 | D:2      | Found a faded altar of an unknown god.
  2054 | D:2      | Reached XP level 4. HP: 30/30 MP: 7/7
  2778 | D:3      | Reached skill level 6 in Ice Magic
  3131 | D:3      | Found a snail-covered altar of Cheibriados.
  3253 | D:3      | Became a worshipper of Cheibriados the Contemplative
  3356 | D:3      | Learned a level 3 spell: Frozen Ramparts
  3360 | D:3      | Learned a level 3 spell: Ozocubu's Armour
  3736 | D:3      | Reached XP level 5. HP: 12/35 MP: 3/8
  4118 | D:3      | Reached * piety under Cheibriados
  4119 | D:3      | Reached skill level 1 in Armour
  4652 | D:4      | Noticed a phantom
  4946 | D:4      | Reached XP level 6. HP: 41/41 MP: 2/9
  5057 | D:4      | Noticed a black bear
  5067 | D:4      | Killed a black bear
  5068 | D:4      | Reached skill level 7 in Ice Magic
  5191 | D:4      | Slain by a phantom

Illustrated notes

Levels and vault maps discovered:
D:1:      minmay_arrival_nine_rooms, layout_basic, corner_web_ring
D:2:      layout_basic, hellmonk_ecumenical_altar_lost_god, minmay_nonomino_d4
D:3:      layout_loops_ring, amcnicky_altar_gilded
D:4:      layout_gridville, minmay_temple_entry_enclosed_plants,
          guppyfry_shop_venom

Skill      XL: |  1  2  3  4  5  6 |
---------------+-------------------+-----
Polearms       | 1 2 3 4 |  4.2
Ice Magic      | 5 6 7 |  7.2
Armour         | 1 |  1.0
Dodging        | 3 |  3.8
Stealth        | |  2.1
Spellcasting   | |  2.0

Action                   |  1- 3 |  4- 6 || total
-------------------------+-------+-------++-------
Melee: Spear             |    98 |    96 ||   194
 Cast: Freeze            |    34 |    27 ||    61
       Frozen Ramparts   |       |     9 ||     9
       Ozocubu's Armour  |       |     3 ||     3
  Use: Scroll            |       |     1 ||     1
 Stab: Sleeping          |     7 |     2 ||     9
       Distracted        |     1 |       ||     1
Armor: Robe              |    16 |    23 ||    39
Dodge: Dodged            |    62 |    59 ||   121

Table legend: (Time is in decaauts)
 A = Elapsed time spent in this place.
 B = Non-inter-level travel time spent in this place.
 C = Inter-level travel time spent in this place.
 D = Time resting spent in this place.
 E = Time spent auto-exploring this place.
 F = Levels seen in this place.
 G = Mean time per level.
                   A        B        C        D        E       F      G
               +--------+--------+--------+--------+--------+-----+--------+
         Total |   5430 |   5220 |    210 |   1878 |   2207 |   4 | 1357.5 |
       Dungeon |   5430 |   5220 |    210 |   1878 |   2207 |   4 | 1357.5 |
               +--------+--------+--------+--------+--------+-----+--------+

Top non-repeatable levels by time:
     D:2: 1999 daAuts
     D:3: 1735 daAuts
     D:1: 1283 daAuts
     D:4: 411 daAuts
